[Event "*** Titled Tuesday Blitz"]
[Site "Chess.com"]
[Date "2020.05.26"]
[Round "6"]
[White "ErikRonka"]
[Black "Bhagya_2312"]
[Result "1-0"]
[WhiteElo "2378"]
[BlackElo "2108"]
[TimeControl "180+1"]
[EndTime "11:07:02 PDT"]
[Termination "ErikRonka won by resignation"]

1. e4 c6 2. Nf3 d5 3. Nc3 dxe4 4. Nxe4 Nf6 5. Qe2 Nxe4 6. Qxe4 Qd5 7. Qf4 Bf5 8. Bc4 Qe4+ 9. Qxe4 Bxe4 10. Bxf7+ Kxf7 11. Ng5+ Kg6 12. Nxe4 e5 13. O-O Nd7 14. d3 Be7 15. f4 Rhf8 16. Bd2 exf4 17. Bxf4 Nb6 18. Rae1 Nd5 19.
Bd2 Rxf1+ 20. Rxf1 h6 21. a3 Re8 22. g3 Bd8 23. Kg2 Bb6 24. Re1 Rf8 25. Re2 Rf5 26.
Nd6 Rf8 27. Nxb7 Rb8 28. Nd6 Bd4 29. c3 Bf6 30. Nc4 h5 31. d4 h4 32. Re6 hxg3 33.
hxg3 Kf7 34. Rxc6 Re8 35. Nd6+ 1-0

[Event "*** Titled Tuesday Blitz"]
[Site "Chess.com"]
[Date "2020.05.26"]
[Round "6"]
[White "latixxa"]
[Black "Tejas_Rama"]
[Result "0-1"]
[WhiteElo "2124"]
[BlackElo "2386"]
[TimeControl "180+1"]
[EndTime "11:07:03 PDT"]
[Termination "Tejas_Rama won by resignation"]

1. d4 Nf6 2. Nf3 e6 3. Bg5 c5 4.
e3 b6 5. c3 Bb7 6. Nbd2 Be7 7.
Bd3 O-O 8. Qc2 h6 9. Bxf6 Bxf6 10. h4 Nc6 11. g4 cxd4 12. exd4 Rc8 13. Qd1 g6 14.
Qe2 e5 15. d5 Ne7 16. c4 b5 17. b3 bxc4 18. bxc4 e4 19. Rb1 exd3 20. Qxd3 Ba6 21. g5 hxg5 22. hxg5 Bg7 23. Kf1 Qa5 24. Qe4 Nf5 25. Qg4 Qxd5 26. Qh3 Qd3+ 27. Kg2 Rfe8 28.
Qh7+ Kf8 29. Rb3 Qd6 0-1

[Event "*** Titled Tuesday Blitz"]
[Site "Chess.com"]
[Date "2020.05.26"]
[Round "6"]
[White "profofchess"]
[Black "Saloni1299"]
[Result "1-0"]
[WhiteElo "2488"]
[BlackElo "2308"]
[TimeControl "180+1"]
[EndTime "11:07:05 PDT"]
[Termination "profofchess won by resignation"]

1. e4 e6 2. d4 d5 3. Nc3 Bb4 4.
exd5 exd5 5. Bd3 c6 6. Nf3 Nf6 7. O-O O-O 8. Ne2 Bg4 9. Ng3 h6 10. h3 Be6 11. Ne5 Bd6 12. f4 c5 13. c3 Nc6 14.
Nxc6 bxc6 15. Nh5 cxd4 16. cxd4 Nxh5 17. Qxh5 Qf6 18. Be3 Rab8 19. f5 Bd7 20. b3 Rb4 21. Rad1 Bc7 22. Bb1 c5 23. g4 cxd4 24. g5 hxg5 25.
Bxg5 Qe5 26. Bf4 Qxf4 27. Rxf4 Bxf4 28. f6 Be3+ 29. Kh1 Bh6 30. Rg1 d3 31. Qxh6 1-0

[Event "*** Titled Tuesday Blitz"]
[Site "Chess.com"]
[Date "2020.05.26"]
[Round "6"]
[White "Aleksandr_Kozak"]
[Black "vinniethepooh"]
[Result "0-1"]
[WhiteElo "2340"]
[BlackElo "2572"]
[TimeControl "180+1"]
[EndTime "11:07:06 PDT"]
[Termination "vinniethepooh won on time"]

1. e4 c5 2. c3 d5 3. exd5 Qxd5 4. d4 Nf6 5. Nf3 e6 6. Be2 Nc6 7. O-O cxd4 8. cxd4 Be7 9. Nc3 Qd6 10. Nb5 Qd8 11. Bf4 Nd5 12. Bg3 a6 13. Nc3 O-O 14. Rc1 h6 15. a3 Bf6 16. Bc4 Nxc3 17. bxc3 b5 18.
Bd3 Bb7 19. a4 b4 20. cxb4 Nxb4 21. Bb1 a5 22. Ne5 Rc8 23. Rxc8 Qxc8 24. Qd2 Bd5 25. Rc1 Qb7 26. f3 Rc8 27. h4 h5 28. Rc5 Rxc5 29.
dxc5 Nc6 30. Qc2 Bxe5 31. Qh7+ Kf8 32. Bxe5 Nxe5 33. Bc2 Qb2 34. Kh2 Qd4 0-1

[Event "*** Titled Tuesday Blitz"]
[Site "Chess.com"]
[Date "2020.05.26"]
[Round "6"]
[White "Grandelicious"]
[Black "stanyga"]
[Result "1-0"]
[WhiteElo "2797"]
[BlackElo "2606"]
[TimeControl "180+1"]
[EndTime "11:07:07 PDT"]
[Termination "Grandelicious won by resignation"]

1. Nf3 Nf6 2. g3 g6 3. Bg2 Bg7 4. b3 Ne4 5. c3 c5 6. Bb2 d5 7. O-O Nc6 8. d3 Nd6 9. Nbd2 Nb5 10. Qc2 d4 11. cxd4 Nbxd4 12. Nxd4 Nxd4 13. Bxd4 Bxd4 14. Rac1 O-O 15. Ne4 Bf5 16. e3 Bg7 17. Nxc5 Rc8 18. Bxb7 Rc7 19. Bg2 Qc8 20. b4 Rd8 21. Qb3 a5 22. a3 axb4 23. axb4 e5 24. Bd5 Bh3 25. Rfe1 Qf5 26. b5 Rdc8 27. b6 Rxc5 28. Rxc5 Rxc5 29. b7 Rc8 30. bxc8=Q+ Qxc8 31. Bxf7+ Kh8 32. Bd5 1-0

[Event "*** Titled Tuesday Blitz"]
[Site "Chess.com"]
[Date "2020.05.26"]
[Round "6"]
[White "Lovinski"]
[Black "grzechu96"]
[Result "0-1"]
[WhiteElo "2416"]
[BlackElo "2617"]
[TimeControl "180+1"]
[EndTime "11:07:08 PDT"]
[Termination "grzechu96 won by resignation"]

1. Nf3 d5 2. g3 c6 3. c4 Nf6 4.
Bg2 Bf5 5. cxd5 cxd5 6. Qb3 Qb6 7. Nc3 Nc6 8. Nxd5 Nxd5 9. Qxd5 e6 10. Qb3 Qxb3 11. axb3 Bc2 12. O-O Bxb3 13. d4 Bd6 14. Bf4 Bxf4 15. gxf4 f6 16. e3 Bd5 17. Nd2 Bxg2 18. Kxg2 Ke7 19. Rfc1 Rhc8 20. Ne4 b6 21. Rc3 a5 22. Rac1 Kd7 23. Ng3 Nb4 24. f5 exf5 25.
Nxf5 g6 26. Ng3 Nd3 27. Rb1 Rxc3 28. bxc3 a4 29. Kf3 a3 30. Ke2 a2 31. Ra1 Nc1+ 32.
Rxc1 a1=Q 33. Rxa1 Rxa1 34. Ne4 Ke6 35. c4 Ra2+ 36.
Kf3 Rc2 37. c5 b5 38. Nd6 b4 39. e4 b3 40. d5+ Kd7 41. Nb5 Rxc5 0-1

[Event "*** Titled Tuesday Blitz"]
[Site "Chess.com"]
[Date "2020.05.26"]
[Round "6"]
[White "MrTattaglia"]
[Black "Doraemon7"]
[Result "1-0"]
[WhiteElo "2984"]
[BlackElo "2641"]
[TimeControl "180+1"]
[EndTime "11:07:09 PDT"]
[Termination "MrTattaglia won by resignation"]

1. Nf3 d5 2. c4 c6 3. e3 Nf6 4. Nc3 e6 5. b3 Bd6 6. Bb2 O-O 7. Be2 e5 8. cxd5 cxd5 9. Nb5 Nc6 10.
Nxd6 Qxd6 11. d4 e4 12. Ne5 Nd7 13. Nxc6 bxc6 14. O-O f5 15. a4 Re8 16. Rc1 Rb8 17. Qc2 Nf6 18. Qxc6 Qxc6 19. Rxc6 Rxb3 20. Bc3 Bd7 21. Rc7 Bxa4 22. Ra1 Bb5 23. Bd1 Rxc3 24. Rxc3 Bc4 25. Rxa7 Rb8 26. Ra1 h5 27. h3 Kh7 28.
h4 Kh6 29. Kh2 Rb6 30. Rc2 g5 31. Kg3 Nh7 32. Be2 Bxe2 33. Rxe2 Nf8 34. Ra7 Ng6 35.
hxg5+ Kxg5 36. f4+ exf3 37. gxf3 h4+ 38. Kh3 Rb3 39. Rd7 Rb5 40. Rd6 Kh5 41. Rg2 Rb2 42. Rxb2 Nf4+ 43. Kh2 1-0

[Event "*** Titled Tuesday Blitz"]
[Site "Chess.com"]
[Date "2020.05.26"]
[Round "6"]
[White "zurzan"]
[Black "kinga2008"]
[Result "1-0"]
[WhiteElo "1947"]
[BlackElo "2193"]
[TimeControl "180+1"]
[EndTime "11:07:09 PDT"]
[Termination "zurzan won on time"]

1. f4 e5 2. fxe5 d6 3. exd6 Bxd6 4. Nf3 g5 5. g3 h5 6. d4 h4 7. Bxg5 Be7 8. Bf4 hxg3 9. Bxg3 Nf6 10. Nc3 Nc6 11. e4 Nh5 12. Bf2 Bg4 13. Be2 Bxf3 14.
Bxf3 Bh4 15. Qd2 Bxf2+ 16. Qxf2 Qxd4 17. Rd1 Qb4 18. O-O Qe7 19. Nd5 Qg5+ 20. Bg2 O-O-O 21. Qxf7 Rd7 22. Nb6+ axb6 23. Rxd7 Qc5+ 24. Rf2 Ne5 25. Bh3 Kb8 26. Rd5 Nxf7 27. Rxc5 Rg8+ 28. Kf1 bxc5 29. Rxf7 Rd8 30. Ke2 Rd4 31. c3 Ra4 32.
Kf3 Rxa2 33. Rf5 1-0

[Event "*** Titled Tuesday Blitz"]
[Site "Chess.com"]
[Date "2020.05.26"]
[Round "6"]
[White "CraiggoryC"]
[Black "luizwas"]
[Result "0-1"]
[WhiteElo "2099"]
[BlackElo "1840"]
[TimeControl "180+1"]
[EndTime "11:07:09 PDT"]
[Termination "luizwas won by resignation"]

1. e4 e6 2. d4 d5 3. e5 c5 4. c3 Nc6 5. Nf3 Qb6 6. a3 Nh6 7. b4 cxd4 8. cxd4 Nf5 9. Be3 Nxe3 10. fxe3 Be7 11. Bd3 O-O 12. O-O f6 13. b5 Na5 14.
Nc3 Bd7 15. exf6 Bxf6 16. Na4 Qc7 17. Rc1 Qd6 18. Nc5 Rac8 19. Ne5 Rxc5 20. Rxc5 Bxe5 21.
Bxh7+ Kxh7 22. Qh5+ Kg8 23. Rxf8+ Qxf8 24. Qxe5 Nc4 25.
Qc7 Nxe3 26. Rc1 Bxb5 27. Qxb7 a6 28. Rc8 Be8 29. h3 Qf1+ 0-1

[Event "*** Titled Tuesday Blitz"]
[Site "Chess.com"]
[Date "2020.05.26"]
[Round "6"]
[White "keepitcool9499"]
[Black "Goryachkina"]
[Result "1/2-1/2"]
[WhiteElo "2448"]
[BlackElo "2615"]
[TimeControl "180+1"]
[EndTime "11:07:12 PDT"]
[Termination "Game drawn by agreement"]

1. d4 d5 2. c4 e6 3. Nc3 Nf6 4. Nf3 Nbd7 5. e3 a6 6. Bd3 dxc4 7. Bxc4 b5 8. Be2 Bb7 9. O-O c5 10. dxc5 Bxc5 11. a3 O-O 12. b4 Be7 13. Bb2 Rc8 14. Nd4 Nb6 15. Qb3 Nc4 16. Bxc4 Rxc4 17. Rfd1 Qc8 18.
Rac1 e5 19. Nf3 Bxf3 20. gxf3 Qh3 21. Nd5 Nxd5 22. Rxd5 Rh4 23. Bxe5 Qxf3 24. Bg3 Rh6 25.
Qd1 Qe4 26. Qd3 Qg4 27. Rd4 Qh3 28. Qe4 Rg6 29. Qg2 Qe6 30. Qd5 Qxd5 31. Rxd5 h6 32. Rc7 Bf6 33. Rdd7 Bb2 34. Kf1 Bxa3 35. Bd6 Re8 36.
Rxf7 a5 37. Rb7 Rxd6 38. Rxg7+ Kh8 39. Rh7+ Kg8 1/2-1/2

[Event "*** Titled Tuesday Blitz"]
[Site "Chess.com"]
[Date "2020.05.26"]
[Round "6"]
[White "EfM13"]
[Black "axvesik"]
[Result "1/2-1/2"]
[WhiteElo "2315"]
[BlackElo "2525"]
[TimeControl "180+1"]
[EndTime "11:07:12 PDT"]
[Termination "Game drawn by repetition"]

1. e4 e6 2. d3 d5 3. Nd2 Nf6 4.
Ngf3 c5 5. g3 Nc6 6. Bg2 Be7 7.
O-O Qc7 8. c3 b6 9. Re1 Bb7 10. e5 Nd7 11. d4 h6 12. Nf1 g5 13.
h3 O-O-O 14. Ne3 Rdg8 15. a4 h5 16. g4 hxg4 17. Nxg4 f5 18. exf6 Nxf6 19. Rxe6 Nxg4 20. hxg4 Kb8 21. Qe2 Bd8 22. Ne5 Re8 23. Nxc6+ Bxc6 24.
a5 Bd7 25. axb6 Qh2+ 26. Kf1 Rxe6 27. bxa7+ Ka8 28. Bxd5+ Rc6 29. Qe4 Qh3+ 30. Kg1 Qh6 31. Ra6 Qh2+ 32. Kf1 Qh3+ 33. Kg1 Qh2+ 34. Kf1 Qh3+ 35.
Kg1 Qh2+ 1/2-1/2

[Event "*** Titled Tuesday Blitz"]
[Site "Chess.com"]
[Date "2020.05.26"]
[Round "6"]
[White "Cambek64"]
[Black "enriquetejedor"]
[Result "1-0"]
[WhiteElo "2291"]
[BlackElo "2437"]
[TimeControl "180+1"]
[EndTime "11:07:12 PDT"]
[Termination "Cambek64 won on time"]

1. e4 e5 2. Nf3 Nc6 3. Bb5 a6 4. Bxc6 dxc6 5. d4 exd4 6. Qxd4 Qxd4 7. Nxd4 Ne7 8. Nc3 Ng6 9. Be3 Bc5 10. O-O-O O-O 11.
a3 Bxd4 12. Bxd4 Be6 13. g3 f5 14. exf5 Bxf5 15. f4 Rad8 16. Bc5 Rfe8 17. Rhe1 b6 18.
Rxe8+ Rxe8 19. Bf2 Nf8 20. Re1 Rxe1+ 21. Bxe1 h5 22.
Nd1 Nd7 23. Ne3 Be4 24. Bc3 Kf7 25. Kd2 g6 26. h3 Bd5 27. g4 hxg4 28. hxg4 Nc5 29.
Be5 Ne4+ 30. Ke2 c5 31. Bxc7 Bc6 32. Bxb6 Ke6 33. c3 Bb5+ 34. Ke1 c4 35. Bd4 Nd6 36.
Ke2 Bc6 37. Be5 1-0

[Event "*** Titled Tuesday Blitz"]
[Site "Chess.com"]
[Date "2020.05.26"]
[Round "6"]
[White "manuellarrea"]
[Black "mamey78"]
[Result "0-1"]
[WhiteElo "2175"]
[BlackElo "2402"]
[TimeControl "180+1"]
[EndTime "11:07:12 PDT"]
[Termination "mamey78 won on time"]

1. e4 e5 2. Nf3 Nc6 3. Bc4 Nf6 4.
Ng5 d5 5. exd5 Na5 6. Bb5+ c6 7.
dxc6 bxc6 8. Bd3 h6 9. Ne4 Nd5 10. O-O Be7 11. Ng3 O-O 12. Bf5 Bb7 13. d3 c5 14. Nc3 Nf6 15. Nce4 Nc6 16. c3 Rb8 17. Re1 Re8 18. Nxf6+ Bxf6 19. Ne4 Be7 20. Qg4 Kf8 21. Qh5 Bf6 22. Nxc5 Bc8 23. Bxc8 Rxc8 24. Be3 Qd5 25. c4 Qd8 26. b3 Kg8 27. Rad1 Nb4 28. Ne4 Nxa2 0-1

[Event "*** Titled Tuesday Blitz"]
[Site "Chess.com"]
[Date "2020.05.26"]
[Round "6"]
[White "A-Adly"]
[Black "lucliasco"]
[Result "1-0"]
[WhiteElo "2834"]
[BlackElo "2701"]
[TimeControl "180+1"]
[EndTime "11:07:13 PDT"]
[Termination "A-Adly won by resignation"]

1. Nf3 d5 2. g3 c6 3. Bg2 Nf6 4. O-O Bf5 5. c4 e6 6. cxd5 cxd5 7. d3 Nc6 8. Qb3 Rb8 9. Nc3 Bd6 10. Re1 Bg6 11. e4 dxe4 12. dxe4 e5 13. Bg5 h6 14.
Bxf6 Qxf6 15. Nd5 Qd8 16. Rad1 O-O 17. h3 Nd4 18. Nxd4 exd4 19. Rxd4 Re8 20. Rdd1 a5 21.
f4 Rc8 22. Kh2 Rc5 23. Qxb7 Qb8 24. Qxb8 Rxb8 25. Rd2 Bf8 26. g4 f6 27. e5 fxe5 28.
fxe5 Be8 29. e6 Bd6+ 30. Kg1 Bg3 31. Rf1 Bh4 32. e7 Bf7 33. Re2 Re8 34. Rf5 Rc1+ 35.
Kh2 Bg6 36. Rfe5 Bf7 37. Rf5 Bg6 38. Rfe5 Bf7 39. Nc3 Bf6 40. Rxa5 Bxe7 41. Bd5 Bxd5 42. Rxd5 Rxc3 43. bxc3 Bd6+ 44. Rxd6 Rxe2+ 45. Kg3 Rxa2 46. Rd7 Rc2 47. Rd3 Kf7 48. Re3 g5 49. Kf3 Kf6 50. Ke4 Rc1 51. Kd5 Rd1+ 52. Kc6 Rc1 53. Kc5 Rd1 54.
c4 Rd8 55. Kb6 Rb8+ 56. Kc7 1-0

[Event "*** Titled Tuesday Blitz"]
[Site "Chess.com"]
[Date "2020.05.26"]
[Round "6"]
[White "SoltaniciR"]
[Black "1stSecond"]
[Result "0-1"]
[WhiteElo "2469"]
[BlackElo "2695"]
[TimeControl "180+1"]
[EndTime "11:07:14 PDT"]
[Termination "1stSecond won on time"]

1. e4 g6 2. d4 Bg7 3. Nf3 d6 4. Nc3 c6 5. a4 Bg4 6. Be2 Bxf3 7. Bxf3 Nd7 8. a5 a6 9. O-O Ngf6 10. Re1 O-O 11. Be2 e5 12. dxe5 dxe5 13. Be3 Qe7 14. Qd3 Rfd8 15. Qc4 Ne8 16. Rad1 Nd6 17. Qb3 Bf8 18. f3 Nb5 19. Na4 Qb4 20. Nb6 Nxb6 21. Bxb6 Bc5+ 22. Kf1 Qxb3 23. cxb3 Bxb6 24. axb6 Nd4 25.
Bc4 Nc2 26. Rxd8+ Rxd8 27. Rc1 Nd4 28. Kf2 Kf8 29. Ke3 Ke7 30. g3 g5 31. h4 gxh4 32. gxh4 Rg8 33. Kf2 Rg6 34. Rd1 Rf6 35. Rd3 c5 36. Bd5 Rxb6 37. Kg3 Rg6+ 38. Kh3 Ne2 0-1

[Event "*** Titled Tuesday Blitz"]
[Site "Chess.com"]
[Date "2020.05.26"]
[Round "6"]
[White "Muguet7"]
[Black "Kirill_Klukin"]
[Result "0-1"]
[WhiteElo "2467"]
[BlackElo "2694"]
[TimeControl "180+1"]
[EndTime "11:07:16 PDT"]
[Termination "Kirill_Klukin won by resignation"]

1. e4 c5 2. Nf3 Nc6 3. Bb5 g6 4. O-O Bg7 5. Bxc6 bxc6 6. Re1 Nh6 7. d3 O-O 8. Nc3 d6 9. h3 f6 10. Be3 Nf7 11. a4 e5 12. Qc1 h6 13. Nh4 Kh7 14. Nf3 f5 15. exf5 gxf5 16. Rb1 a5 17.
Ne2 Rg8 18. Bd2 Be6 19. Nf4 Bd7 20. Nh5 Bh8 21. c3 Rg6 22. Kh1 Qg8 23. Nh4 Be6 24. Nxg6 Qxg6 25. Qd1 Rg8 26. Rg1 Bd5 27. Ng3 Bf6 28.
c4 Be6 29. Qh5 Qxh5 30. Nxh5 Bh4 31. g3 Bd8 32. Rge1 Ng5 33. h4 Nf3 34. Re2 Nxd2 35. Rxd2 Bf7 36. f4 Bxh5 37. fxe5 dxe5 38. Re1 Bf6 39. Kh2 Rd8 40. Rf2 Kg6 41. Ref1 Bg4 42. Rd2 e4 43. Rdf2 Rxd3 0-1

[Event "*** Titled Tuesday Blitz"]
[Site "Chess.com"]
[Date "2020.05.26"]
[Round "6"]
[White "atalz0"]
[Black "stolencandy13"]
[Result "0-1"]
[WhiteElo "2338"]
[BlackElo "2569"]
[TimeControl "180+1"]
[EndTime "11:07:16 PDT"]
[Termination "stolencandy13 won by resignation"]

1. d4 Nf6 2. c4 e5 3. dxe5 Ng4 4. Bf4 g5 5. Bd2 Nxe5 6. Nf3 Bg7 7. Nxe5 Bxe5 8. Bc3 Nc6 9. e3 d6 10. h4 g4 11. Be2 h5 12. Bxe5 Nxe5 13. Nc3 Be6 14. Qd4 Qd7 15. O-O-O Qc6 16. b3 Qxg2 17. Ne4 Bf5 18.
Nf6+ Ke7 19. Nd5+ Kf8 20. Nxc7 Rd8 21. Qf4 Qe4 22. Qxe4 Bxe4 23. Rhg1 Rh6 24. Rd4 Bf3 25. Bd1 Rf6 26. Bc2 Bc6 27. Rgd1 Ke7 28. Rf1 g3 29. f4 g2 30. Rg1 Nf3 31. Rgd1 Nxd4 32. exd4 Bf3 33.
Re1+ Kd7 34. Nb5 a6 35. Nc3 Re8 36. Rg1 Rxf4 37. Kd2 Rxd4+ 38. Kc1 Rxh4 39. Nd5 0-1

[Event "*** Titled Tuesday Blitz"]
[Site "Chess.com"]
[Date "2020.05.26"]
[Round "6"]
[White "maciek_92"]
[Black "ClassyEl"]
[Result "1-0"]
[WhiteElo "2816"]
[BlackElo "2617"]
[TimeControl "180+1"]
[EndTime "11:07:17 PDT"]
[Termination "maciek_92 won on time"]

1. e4 d6 2. d4 Nf6 3. Nc3 c6 4. Bg5 b5 5. Bd3 Nbd7 6. f4 e5 7. Nf3 Be7 8. a4 b4 9. Ne2 h6 10. Bxf6 Bxf6 11. a5 O-O 12. O-O exd4 13. Nexd4 Qc7 14.
Qd2 Rb8 15. Rae1 Re8 16. c4 Qxa5 17. Kh1 Qc7 18. Bb1 Bb7 19. Nf5 Be7 20. e5 dxe5 21. fxe5 Nf8 22. Nxh6+ gxh6 23. Qxh6 Bc5 24. Ng5 Re6 25.
Bh7+ Kh8 26. Bg6+ Kg8 27. Bh7+ Kh8 28. Nxe6 fxe6 29. Bg6+ Kg8 30. Re4 Qg7 31. Bf7+ Qxf7 32. Rg4+ 1-0

[Event "*** Titled Tuesday Blitz"]
[Site "Chess.com"]
[Date "2020.05.26"]
[Round "6"]
[White "aa175"]
[Black "chenxiaoyuer"]
[Result "1-0"]
[WhiteElo "2542"]
[BlackElo "2307"]
[TimeControl "180+1"]
[EndTime "11:07:17 PDT"]
[Termination "aa175 won by resignation"]

1. d4 Nf6 2. Nf3 g6 3. Bf4 Bg7 4. e3 O-O 5. Be2 d6 6. O-O Nfd7 7. c4 e5 8. dxe5 dxe5 9. Bg3 e4 10. Nd4 c5 11. Nb5 Bxb2 12. Bc7 Qf6 13. Nd2 Bxa1 14.
Nxe4 Qe6 15. Ng5 Qf5 16. Qxa1 Qxg5 17. Bf4 Qf5 18. Nc7 b6 19. Bf3 Na6 20. Nxa8 Nf6 21.
Be5 Ne8 22. Rd1 Be6 23. e4 Qg5 24. g3 Bxc4 25. Bf4 Qe7 26. Bh6 Qb7 27. Bxf8 Kxf8 28. Rd8 Ke7 29. Qd1 Be6 30. e5 Qxf3 31. Rxe8+ Kxe8 32. Qxf3 1-0

[Event "*** Titled Tuesday Blitz"]
[Site "Chess.com"]
[Date "2020.05.26"]
[Round "6"]
[White "seastar"]
[Black "JiangoFett"]
[Result "0-1"]
[WhiteElo "1997"]
[BlackElo "2331"]
[TimeControl "180+1"]
[EndTime "11:07:17 PDT"]
[Termination "JiangoFett won by resignation"]

1. d4 Nf6 2. c4 e6 3. Nc3 Bb4 4. e3 b6 5. Bd3 Bb7 6. f3 c5 7. a3 Ba5 8. Ne2 cxd4 9. exd4 Bxc3+ 10. Nxc3 O-O 11. O-O d5 12. cxd5 Nxd5 13. Nxd5 Qxd5 14. Be4 Qd7 15. Be3 Nc6 16. d5 exd5 17. Qxd5 Rad8 18. Qxd7 Rxd7 19. Rfd1 Rfd8 20. Rxd7 Rxd7 21. Rc1 Ne7 22.
Bxb7 Rxb7 23. Bf4 f6 24. Kf2 Kf7 25. Rc7 Rxc7 26. Bxc7 Nd5 27. Bd6 Ke6 28. Bf8 g6 29. g3 b5 30. Ke2 Nb6 31. Bc5 Nc4 32.
b3 Kd5 33. bxc4+ Kxc5 34. cxb5 Kxb5 35. Kd3 Ka4 36. Kd4 Kxa3 37. Kd5 a5 38. Ke6 f5 39. g4 fxg4 40. fxg4 a4 41. h4 Kb4 42. h5 gxh5 43.
gxh5 a3 44. Kf6 a2 45. Kg7 a1=Q+ 46. Kxh7 Kc5 47. h6 Qf6 48. Kg8 Qxh6 0-1

[Event "*** Titled Tuesday Blitz"]
[Site "Chess.com"]
[Date "2020.05.26"]
[Round "6"]
[White "AGW2016"]
[Black "Crazy_girl99"]
[Result "1-0"]
[WhiteElo "2236"]
[BlackElo "2395"]
[TimeControl "180+1"]
[EndTime "11:07:18 PDT"]
[Termination "AGW2016 won by resignation"]

1. d4 e6 2. c4 d5 3. Nf3 c6 4. g3 Nf6 5. Bg2 dxc4 6. O-O b5 7. a4 Bb7 8. b3 cxb3 9. Qxb3 b4 10. Nbd2 a5 11.
Nc4 Be7 12. Rd1 O-O 13. Bg5 h6 14. Bxf6 Bxf6 15. Nfe5 Ra6 16. Rac1 Nd7 17. Nd6 Ba8 18.
Nxc6 Bxc6 19. Bxc6 Nb8 20. Nb7 Qe7 21. Bg2 Ra7 22.
Nc5 Rd8 23. e3 Rc7 24. Ne4 Rdc8 25. Rc5 Rxc5 26. Nxc5 Nd7 27. Nb7 Rc3 28. Qb2 Ra3 29. Nxa5 Rxa4 30. Nc6 Qd6 31. e4 e5 32. d5 Nb6 33. Bf1 h5 34. h4 Nd7 35. Bb5 Ra5 36. Nxa5 Qb6 37. Bxd7 Qxa5 38. Bc6 Qc5 39. Rb1 Be7 40.
Rc1 Qb6 41. Qb3 Bd6 42. Rc2 g6 43. Kg2 Qd4 44. Qc4 Qa1 45. Bd7 Qa7 46. Qc6 b3 47.
Rb2 Qa3 48. Rxb3 Qxb3 49. Qxd6 Qd3 50. Qxe5 Qe2 51. Bc6 Qe1 52. d6 1-0

[Event "*** Titled Tuesday Blitz"]
[Site "Chess.com"]
[Date "2020.05.26"]
[Round "6"]
[White "turayev_shahruh17"]
[Black "Kobalia"]
[Result "1-0"]
[WhiteElo "2521"]
[BlackElo "2776"]
[TimeControl "180+1"]
[EndTime "11:07:20 PDT"]
[Termination "turayev_shahruh17 won on time"]

1. d4 d5 2. c4 e6 3. Nf3 a6 4.
g3 dxc4 5. Bg2 b5 6. Ne5 Ra7 7. a4 Bb7 8. e4 Bb4+ 9. Bd2 Bxd2+ 10. Qxd2 Nf6 11. axb5 Nxe4 12. Qe3 Nf6 13. Bxb7 Rxb7 14.
bxa6 Ra7 15. O-O O-O 16. d5 Rxa6 17. Rxa6 Nxa6 18. dxe6 fxe6 19. Nc3 Nb4 20. Qe2 Nd3 21. Nxc4 Qd4 22. Qxe6+ Kh8 23. Qe7 Re8 24. Qxc7 Ng4 25. Nd6 Rf8 26. Qc4 Qxc4 27. Nxc4 Ngxf2 28. Ne4 Nh3+ 29.
Kg2 Rxf1 30. Kxf1 h6 31. Ke2 Nb4 32. Kd2 Kh7 33. Kc3 Nd5+ 34. Kd4 Nb4 35. Ne5 Ng1 36. Kc5 Na6+ 37. Kb5 Nc7+ 38. Kc6 Na6 39. Nd3 1-0

[Event "*** Titled Tuesday Blitz"]
[Site "Chess.com"]
[Date "2020.05.26"]
[Round "6"]
[White "pavelalexandru07"]
[Black "Belka1989"]
[Result "0-1"]
[WhiteElo "2149"]
[BlackElo "2365"]
[TimeControl "180+1"]
[EndTime "11:07:20 PDT"]
[Termination "Belka1989 won by resignation"]

1. d4 Nf6 2. c4 e5 3. dxe5 Ng4 4.
Nf3 Bc5 5. e3 Nc6 6. Nc3 O-O 7.
Be2 Re8 8. O-O Ngxe5 9. Nxe5 Nxe5 10. Ne4 Bf8 11. Ng3 a5 12. b3 Ra6 13. Bb2 Rh6 14.
h3 Qh4 15. Nf5 Qf6 16. Nxh6+ Qxh6 17. f4 Nc6 18. Qd3 Nb4 19. Qd2 b6 20. a3 Na6 21.
Bd4 Nc5 22. Qc2 Bb7 23. Bf3 Bxf3 24. Rxf3 Ne4 25. Qb2 Qc6 26. Kh2 d5 27. Rc1 dxc4 28. Rxc4 Qd7 29. Rc1 c5 30. Be5 f6 31. Bc3 Qd3 32.
Qc2 Rd8 33. Qxd3 Rxd3 34. Be1 Rxb3 35. a4 Ra3 36. Rc4 Nd6 37. Rc3 Rxa4 38. Rf2 Ne4 0-1

[Event "*** Titled Tuesday Blitz"]
[Site "Chess.com"]
[Date "2020.05.26"]
[Round "6"]
[White "valeriocarnicelli"]
[Black "praveenb2002"]
[Result "1-0"]
[WhiteElo "2591"]
[BlackElo "2743"]
[TimeControl "180+1"]
[EndTime "11:07:21 PDT"]
[Termination "valeriocarnicelli won by checkmate"]

1. e4 c6 2. Nc3 d5 3. Nf3 Bg4 4. h3 Bxf3 5. Qxf3 e6 6. d4 dxe4 7. Qe3 Bb4 8. Bd2 Nf6 9. Nxe4 Bxd2+ 10. Nxd2 O-O 11. O-O-O Nbd7 12. Kb1 b5 13. Nf3 Nd5 14. Qc1 a5 15. Ne5 a4 16. Nxc6 Qc7 17. Bxb5 a3 18.
c4 axb2 19. Qc2 N5b6 20. Ne7+ Kh8 21. c5 Nc8 22. Nxc8 Rfxc8 23. Bxd7 Qxd7 24. Rd3 Qd5 25. a3 Qxg2 26. Rhd1 Qd5 27. Qb3 Qf5 28. Qc2 Rcb8 29.
d5 exd5 30. Rxd5 Qe6 31. c6 Qe7 32. c7 Rc8 33. Rd8+ Rxd8 34. Rxd8+ Rxd8 35. c8=Q h6 36. Q8c3 Rb8 37. Q3d3 Qe1+ 38. Qdd1 Qe6 39. Qde2 Qd6 40.
Qed3 Qe6 41. Qh7# 1-0

[Event "*** Titled Tuesday Blitz"]
[Site "Chess.com"]
[Date "2020.05.26"]
[Round "6"]
[White "theblitzchamp"]
[Black "Piotrek1979"]
[Result "1-0"]
[WhiteElo "2683"]
[BlackElo "2413"]
[TimeControl "180+1"]
[EndTime "11:07:21 PDT"]
[Termination "theblitzchamp won by resignation"]

1. d4 d6 2. Nf3 Bg4 3. e4 e6 4. Nc3 Nf6 5. Bg5 h6 6. Bh4 Be7 7. Be2 d5 8. e5 Nfd7 9. Bxe7 Qxe7 10. Qd2 a6 11. h3 Bf5 12. O-O-O c5 13. g4 Bg6 14. h4 h5 15. Ng5 cxd4 16. Qxd4 Nc6 17. Qa4 hxg4 18. Bxg4 Rxh4 19. Nf3 Rxh1 20. Rxh1 Qb4 21. Rh8+ Nf8 22. Qxb4 Nxb4 23. Nd4 Nc6 24. Nxc6 bxc6 25. b4 Ke7 26. Na4 a5 27. Nb6 Rb8 28.
bxa5 Nd7 29. Rxb8 Nxb8 30. Be2 c5 31. a6 Nc6 32. Nc8+ Kd8 33. a7 Nxa7 34. Nxa7 Kc7 35. Nb5+ Kb6 36. Nd6 f6 37. f4 c4 38. Bg4 f5 39.
Be2 Kc5 40. c3 d4 41. Kd2 1-0

[Event "*** Titled Tuesday Blitz"]
[Site "Chess.com"]
[Date "2020.05.26"]
[Round "6"]
[White "Quiet_Desperation"]
[Black "gmelviro"]
[Result "1-0"]
[WhiteElo "2200"]
[BlackElo "2075"]
[TimeControl "180+1"]
[EndTime "11:07:21 PDT"]
[Termination "Quiet_Desperation won by resignation"]

1. e4 a5 2. d4 Ra7 3. Bc4 e6 4. Nf3 Ne7 5. O-O b6 6. Nc3 Ba6 7. Nb5 Ra8 8. a4 d5 9. exd5 exd5 10. Bd3 c6 11. Nc3 g6 12. Bg5 Bg7 13. Re1 f6 14. Bf4 O-O 15. Qd2 Bxd3 16. Qxd3 Nf5 17. Re2 Re8 18.
Rae1 Rxe2 19. Rxe2 Ra7 20. g4 Ne7 21. Qe3 Kh8 22. Qe6 Na6 23. Qf7 Rd7 24. Bd6 Ng8 25. Re8 Rxf7 26. Rxd8 h6 27. Ne2 Kh7 28. c3 c5 29. Ra8 Rd7 30. Bg3 Nc7 31. Ra7 cxd4 32. Rxc7 d3 1-0

[Event "*** Titled Tuesday Blitz"]
[Site "Chess.com"]
[Date "2020.05.26"]
[Round "6"]
[White "Savva09022009"]
[Black "albi1999"]
[Result "0-1"]
[WhiteElo "2408"]
[BlackElo "2613"]
[TimeControl "180+1"]
[EndTime "11:07:22 PDT"]
[Termination "albi1999 won on time"]

1. d4 d5 2. Nc3 Nf6 3. Bf4 e6 4. e3 Bb4 5. Bd3 c5 6. dxc5 Nbd7 7. Nf3 Nxc5 8. O-O Bxc3 9. bxc3 O-O 10. c4 b6 11. Ne5 Bb7 12. Qe2 Qe7 13. Rad1 h6 14.
Bg3 Nfe4 15. cxd5 Bxd5 16. c4 Bb7 17. Qc2 Rfd8 18. f3 Nxd3 19. Rxd3 Nxg3 20. hxg3 Qg5 21.
f4 Qxg3 22. Rxd8+ Rxd8 23. Qe2 Be4 24. Nf3 Qg6 25. Ne5 Qg3 26. Nf3 Rd6 27. a4 Bd3 28. Qf2 Qxf2+ 29. Rxf2 Bxc4 30. Ne5 Rd1+ 31. Kh2 Bd5 32.
Rc2 f6 33. Nf3 Bxf3 34. gxf3 Ra1 35. Rc4 Ra3 36. Rc8+ Kh7 37. Rc4 Rxe3 38. Rc7 Rxf3 39. Rxa7 Rxf4 40. Ra6 e5 41. Rxb6 Rxa4 42. Kg3 h5 0-1